 Dungeon Crawl Stone Soup version 0.20.1-1-g8b1a95d (webtiles) character file.

2534 Asgaroth the Martial Artist (level 9, 0/74 HPs)
             Began as a Green Draconian Monk on Sept 26, 2017.
             Was a Believer of Uskayaw.
             Slain by a vampire (12 damage)
             ... on level 7 of the Dungeon on Sept 27, 2017.
             The game lasted 00:30:20 (9012 turns).

Asgaroth the Martial Artist (Green Draconian Monk)  Turns: 9012, Time: 00:30:20

Health: 0/74       AC: 12    Str: 15    XL:     9   Next: 30%
Magic:  9/9        EV: 12    Int: 12    God:    Uskayaw [**....]
Gold:   369        SH:  0    Dex: 16    Spells: 8/8 levels left

rFire    . . .     SeeInvis .     - Unarmed
rCold    . . .     Gourm    .   (no shield)
rNeg     . . .     Faith    .   (armour unavailable)
rPois    +         Spirit   .   (helmet restricted)
rElec    .         Reflect  .   i - +2 cloak
rCorr    .         Harm     .   m - +0 pair of gloves
MR       .....                  j - +0 pair of boots
Stlth    ++........             h - amulet of regeneration
Regen    0.7/turn               x - +2 ring of intelligence
MPRegen  0.2/turn               (no ring)

@: drained
A: breathe noxious fumes, unfitting armour, poison resistance, cold-blooded, AC
+7
a: Breathe Noxious Fumes, Stomp, Line Pass, Renounce Religion


You were on level 7 of the Dungeon.
You worshipped Uskayaw.
Uskayaw was noncommittal.
You were not hungry.

You visited 2 branches of the dungeon, and saw 9 of its levels.

You collected 369 gold pieces.

Inventory:

Missiles
 q - 6 javelins (quivered)
 y - 83 poisoned needles
Armour
 i - a +2 cloak (worn)
 j - a +0 pair of boots (worn)
 m - a +0 pair of gloves (worn)
Jewellery
 h - an amulet of regeneration (around neck)
 x - a +2 ring of intelligence (left hand)
 E - an uncursed amulet of faith {unknown}
Wands
 D - a wand of confusion (32/48)
Scrolls
 c - 2 scrolls of fear
 k - 2 scrolls of noise {unknown}
 n - 2 scrolls of amnesia {unknown}
 o - 2 scrolls of random uselessness {unknown}
 r - 3 scrolls of teleportation
 t - 3 scrolls of identify {unknown}
 A - 2 scrolls of magic mapping {unknown}
 F - 5 scrolls of remove curse
Potions
 b - a potion of invisibility {unknown}
 d - a potion of ambrosia {unknown}
 e - 2 potions of heal wounds
 f - 6 potions of curing {unknown}
 g - 2 potions of lignification {unknown}
 l - 2 potions of mutation {unknown}
 s - 3 potions of haste {unknown}
 u - 2 potions of flight {unknown}
 w - 2 potions of might {unknown}
 z - a potion of brilliance {unknown}
Comestibles
 a - 3 meat rations
 p - 4 fruits
 v - 3 bread rations
 B - 2 royal jellies


   Skills:
 + Level 5.2(4.0) Fighting
 - Level 2.6(1.6) Dodging
 - Level 1.7(0.7) Stealth
 * Level 12.1(10.7) Unarmed Combat


You had 8 spell levels left.
You didn't know any spells.

Dungeon Overview and Level Annotations

Branches:
Dungeon (8/15)             Temple (1/1) D:5
   Lair: D:8-11

Altars:
Ashenzari
Cheibriados
Dithmenos
Elyvilon
Fedhas
Gozag
Hepliaklqana
Kikubaaqudgha
Nemelex Xobeh
Okawaru
Qazlal
Ru
Sif Muna
Trog
Uskayaw
Vehumet
Xom
Yredelemnul
Zin

Shops:
D:6 [


Innate Abilities, Weirdness & Mutations

You can breathe blasts of noxious fumes.
Your lurid green scales are hard. (AC +7)
You cannot fit into any form of body armour.
Your system is resistant to poisons. (rPois)
You are cold-blooded and may be slowed by cold attacks.


Message History

You barely miss something. You tail-slap something.
Something hits you but does no damage. Something bites you!
Something draws strength from your injuries!
You hit something but do no damage. Something hits you!
* * * LOW HITPOINT WARNING * * *
Something bites you!
* * * LOW HITPOINT WARNING * * *
Something draws strength from your injuries!
You barely miss something. You tail-slap something.
You feel much better.
You hear some strange, mumbled words.
Something tries to affect you, but you resist.
You punch something!
Your tail-slap misses something.
Something hits you but does no damage. Something bites you.
* * * LOW HITPOINT WARNING * * *
Something draws strength from your injuries!
You closely miss something. Something hits you!
* * * LOW HITPOINT WARNING * * *
Something bites you!
You die...

##.## #..## #. ##.## ##..# #.
##.## ##..## #. #..# ##...#
##. #.####...## #..
#.###...## #.. #......## #.>
#.....## ##. #..@{.## ### ##
#...<..####.## #
###............##
#######...####........##
##........## ########..##
#.........##########.##..##
##.#####..........##...##..##
##.## #...............###..##
#..# ##..#######.....# ##...


There were no monsters in sight!

Vanquished Creatures
  The ghost of equalderp2856 the Magician, a novice FeWz (D:3)
  3 ice beasts
  3 phantoms
  3 ogres
  A centaur (D:6)
  2 bullfrogs (D:6)
  2 scorpions (D:5)
  A killer bee (D:8)
  5 wights (D:6)
  A howler monkey (D:7)
  A quasit (D:7)
  4 bullfrog zombies
  4 hounds
  A bullfrog skeleton (D:5)
  A gnoll shaman (D:4)
  4 orc wizards
  3 iguanas
  Terence (D:2)
  A worker ant (D:5)
  3 hound skeletons
  9 adders
  12 gnolls
  A howler monkey skeleton (D:6)
  2 oozes
  An adder skeleton (D:4)
  3 worms (D:2)
  3 dart slugs
  2 leopard geckos (D:1)
  24 orcs
  3 giant cockroaches
  11 goblins
  3 hobgoblins
  9 jackals
  7 kobolds
  3 quokkas
  10 bats
  7 frilled lizards
  A leopard gecko skeleton (D:5)
  11 rats
  A spectral orc (D:5)
168 creatures vanquished.

Notes
Turn   | Place    | Note
-------+----------+-------------------------------------------
     0 | D:1      | Asgaroth the Draconian Monk began the quest for the Orb.
     0 | D:1      | Reached XP level 1. HP: 19/19 MP: 1/1
   107 | D:1      | Reached XP level 2. HP: 26/26 MP: 2/2
   419 | D:1      | Reached skill level 4 in Unarmed Combat
   781 | D:2      | Reached XP level 3. HP: 15/31 MP: 3/3
  1285 | D:2      | Reached XP level 4. HP: 33/38 MP: 4/4
  1420 | D:2      | Reached skill level 5 in Unarmed Combat
  1517 | D:2      | Noticed Terence
  1578 | D:2      | Killed Terence
  2079 | D:3      | Noticed equalderp2856's ghost (novice FeWz)
  2178 | D:3      | Found a faded altar of an unknown god.
  2304 | D:3      | Reached XP level 5. HP: 42/45 MP: 5/5
  3166 | D:3      | Reached skill level 6 in Unarmed Combat
  3796 | D:4      | Found a deep blue altar of Sif Muna.
  4046 | D:4      | Reached XP level 6. HP: 51/51 MP: 6/6
  4097 | D:4      | Reached skill level 7 in Unarmed Combat
  4671 | D:5      | Entered Level 5 of the Dungeon
  4778 | D:5      | Found a staircase to the Ecumenical Temple.
  4787 | Temple   | Entered the Ecumenical Temple
  4881 | Temple   | Became a worshipper of Uskayaw the Reveler
  4881 | Temple   | Reached * piety under Uskayaw
  4911 | D:5      | Reached ** piety under Uskayaw
  4926 | D:5      | Reached *** piety under Uskayaw
  4950 | D:5      | Reached skill level 8 in Unarmed Combat
  5022 | D:5      | Your scales start taking on a lurid green colour.
  5022 | D:5      | Reached XP level 7. HP: 22/57 MP: 7/7
  5022 | D:5      | Gained mutation: Your system is resistant to poisons. (rPois) [Green Draconian growth]
  5243 | D:5      | Found a white marble altar of Elyvilon.
  5243 | D:5      | Found a shadowy altar of Dithmenos.
  5244 | D:5      | Found an iron altar of Okawaru.
  5579 | D:5      | Found a basalt altar of Yredelemnul.
  5788 | D:5      | Reached skill level 9 in Unarmed Combat
  6054 | D:4      | Reached **** piety under Uskayaw
  6189 | D:3      | Killed equalderp2856's ghost
  6189 | D:3      | Reached skill level 10 in Unarmed Combat
  6189 | D:3      | Reached XP level 8. HP: 31/63 MP: 8/8
  6943 | D:6      | Found Irumpeov's Antique Armour Boutique.
  7080 | D:6      | Reached skill level 11 in Unarmed Combat
  7919 | D:6      | Reached XP level 9. HP: 20/71 MP: 9/9
  8384 | D:7      | Reached skill level 12 in Unarmed Combat
  8694 | D:7      | Reached skill level 5 in Fighting
  8979 | D:8      | Noticed a seven-headed hydra
  9008 | D:7      | HP: 3/74 [something (8)]
  9012 | D:7      | Slain by a vampire

Skill      XL: |  1  2  3  4  5  6  7  8  9 |
---------------+----------------------------+-----
Unarmed Combat | 4 5 6 8 10 11 12 | 12.1
Fighting       | 4 5 |  5.2
Dodging        | |  2.6
Stealth        | |  1.7

Action                   |  1- 3 |  4- 6 |  7- 9 || total
-------------------------+-------+-------+-------++-------
Melee: Unarmed           |   119 |   280 |   399 ||   798
       Tailslap          |    15 |    55 |    48 ||   118
       Punch             |     2 |     8 |    13 ||    23
       Blowgun           |       |    59 |       ||    59
 Fire: Blowgun           |       |    31 |       ||    31
Throw: Javelin           |       |     5 |       ||     5
Invok: Stomp             |       |       |     1 ||     1
 Abil: Breathe Noxious F |       |       |     3 ||     3
  Use: Scroll            |       |     4 |       ||     4
       Potion            |       |       |     2 ||     2
 Stab: Sleeping          |     6 |     1 |     6 ||    13
       Paralysed         |       |       |     7 ||     7
       Distracted        |       |       |     1 ||     1
       Confused          |       |       |     1 ||     1
  Eat: Chunk             |     1 |    12 |    10 ||    23
       Bread ration      |       |       |     1 ||     1
Armor: Skin              |    46 |   133 |   135 ||   314
Dodge: Dodged            |    83 |   219 |   233 ||   535
